 Dungeon Crawl Stone Soup version 0.32-a0-909-gc671339a80 (webtiles) character file.

Game seed: 14470489688146515267

203 Fodor the Trooper (level 5, -4/47 HPs)
             Began as a Minotaur Fighter on Apr 6, 2024.
             Succumbed to an orc wizard's poison
             ... on level 4 of the Dungeon.
             The game lasted 00:08:00 (2485 turns).

Fodor the Trooper (Minotaur Fighter)                Turns: 2485, Time: 00:08:01

Health: -4/47      AC:  9    Str: 28    XL:     5   Next: 51%
Magic:  4/4        EV:  7    Int:  5    God:
Gold:   212        SH:  4    Dex: 10    Spells: 4/4 levels left

rFire   . . .        a - +0 war axe
rCold   . . .        c - +0 buckler
rNeg    . . .        m - +0 chain mail
rPois   .            (helmet restricted)
rElec   .            (no cloak)
rCorr   +            (no gloves)
SInv    .            (no boots)
Will    .....        (no amulet) Stlth
                     p - +6 ring of strength
HPRegen 0.27/turn    t - ring of resist corrosion
MPRegen 0.09/turn

%: no passive effects
@: lethally poisoned (-4 -> -25), on berserk cooldown, slowed, very slow
A: horns 2, retaliatory headbutt
a: no special abilities


You were on level 4 of the Dungeon.
You visited 1 branch of the dungeon, and saw 4 of its levels.

You collected 212 gold pieces.

Inventory:

Hand Weapons
 a - a +0 war axe (weapon)
Missiles
 k - 6 boomerangs (quivered)
Armour
 c - a +0 buckler (worn)
 m - a +0 chain mail (worn)
Jewellery
 p - a +6 ring of strength (left hand)
 t - a ring of resist corrosion (right hand)
Talismans
 s - a flux talisman
Scrolls
 d - a scroll of revelation {unknown}
 e - a scroll of fog {unknown}
 f - a scroll of teleportation {unknown}
 g - 7 scrolls of identify {unknown}
 j - a scroll of poison {unknown}
 l - a scroll of summoning {unknown}
 q - a scroll of enchant armour {unknown}
 r - a scroll of vulnerability {unknown}
Potions
 b - a potion of mutation {unknown}
 h - 2 potions of curing
 n - 4 potions of might
 o - a potion of invisibility


   Skills:
 + Level 4.8 Fighting
 + Level 4.7 Axes
 + Level 4.6 Armour
 + Level 0.5 Dodging
 + Level 0.1 Stealth
 + Level 4.4 Shields


You had 4 spell levels left.
You didn't know any spells.
Your spell library contained the following spells:

 Spells                   Type           Power      Damage    Failure   Level
 Dazzling Flash           Conj/Hex       0%         N/A       100%        3
 Summon Ice Beast         Ice/Summ       0%         N/A       100%        3
 Animate Dead             Necr           0%         N/A       100%        4
 Summon Mana Viper        Hex/Summ       0%         N/A       100%        5
 Starburst                Conj/Fire      0%         6d3       100%        6
 Haunt                    Necr/Summ      0%         N/A       100%        7
 Monstrous Menagerie      Summ           0%         N/A       100%        7
 Infestation              Necr           0%         N/A       100%        8
 Maxwell's Capacitive Co  Air            0%         ∞         100%        8


Dungeon Overview and Level Annotations

Branches:
Dungeon (4/15)
 Temple: D:4-7

Altars:

Shops:
D:1 [   D:3 =


Innate Abilities, Weirdness & Mutations

You have a pair of horns on your head.
You reflexively headbutt those who attack you in melee.


Message History

You bump into the stone wall.
You feel a strong urge to attack something.
* * * LOW HITPOINT WARNING * * *
You feel sick.
* * * LOW HITPOINT WARNING * * *
You feel very sick.
You feel your anger nearly subside.
You are no longer berserk.
You are exhausted.
You feel yourself slow down.
* * * LOW HITPOINT WARNING * * *
You feel sick. Something hits you but does no damage.
You are more poisoned.
You see here a +0 dagger.
It was a potion of curing.
You feel better. Something hits you.
* * * LOW HITPOINT WARNING * * *
You are lethally poisoned!
You feel better. You block something's attack.
You hear some strange, mumbled words.
A magic dart appears from out of thin air!
The magic dart hits you but does no damage.
You miss something.
You hear some strange, mumbled words.
You are confused.
Something hits you but does no damage.
You are poisoned.
You feel sick.
You feel sick.
You hear some strange, mumbled words.
A puff of flame appears from out of thin air!
The puff of flame hits you.
You feel sick. Something hits you.
* * * LOW HITPOINT WARNING * * *
You are more poisoned.
You feel less confused.
* * * LOW HITPOINT WARNING * * *
You feel very sick. Something hits you.
* * * LOW HITPOINT WARNING * * *
You are more poisoned.
You die...

#.# #######.## ##.#......
#........# ######.#
##....##..######......#
.............##.@)#######
.#....##.....<....).....#
.##..............)#####.#
......)...##.#.#.##
.####.######.#.#.# .# #.#
#.#.#.# .# #.# ##.#.#.#
.# #.# ......# .# #.# #
#.#...#


There were no monsters in sight!

Vanquished Creatures
  A hound (D:4)
  An orc wizard (D:4)
  Robin (D:2)
  4 adders
  3 dart slugs
  A ribbon worm (D:3)
  4 orcs
  4 ball pythons
  3 bats
  7 endoplasms
  3 giant cockroaches
  11 goblins
  15 hobgoblins
  4 jackals (D:4)
  6 quokkas
  5 frilled lizards
  4 kobolds
  5 rats
82 creatures vanquished.

Notes
Turn   | Place    | Note
-------+----------+-------------------------------------------
     0 | D:1      | Fodor the Minotaur Fighter began the quest for the Orb.
     0 | D:1      | Reached XP level 1. HP: 19/19 MP: 0/0
    94 | D:1      | You fall into a shaft and drop 1 floor!
   125 | D:2      | Reached XP level 2. HP: 22/27 MP: 1/1
   406 | D:1      | Found a faded altar of an unknown god.
   469 | D:1      | Reached XP level 3. HP: 32/33 MP: 2/2
   785 | D:1      | Found Ihanitek's Antique Armour Boutique.
  1100 | D:2      | Noticed Robin
  1122 | D:2      | HP: 1/33 [Robin/+0 falchion (6)]
  1126 | D:2      | Killed Robin
  1134 | D:2      | Reached XP level 4. HP: 4/41 MP: 3/3
  1859 | D:3      | Found Mololiug's Jewellery Emporium.
  2217 | D:4      | Reached XP level 5. HP: 42/47 MP: 4/4
  2477 | D:4      | HP: 2/47 [poisoned by an orc wizard]
  2485 | D:4      | Succumbed to an orc wizard's poison

Illustrated notes

Levels and vault maps discovered:
D:1:      dpeg_arrival_signposts, layout_loops_ring, serial_shops,
          nicolae_shop_waterfront, shapermc_ecumenical_altar_hornbeckon
D:2:      layout_loops_ring, corexii_item_surrounded_by_moat,
          roderic_st_hans_cross, uniq_robin
D:3:      layout_rooms, serial_shops, nicolae_shop_crystal,
          amcnicky_mini_pool_small, grunt_decor_cap
D:4:      layout_loops_ring

Skill      XL: |  1  2  3  4 |
---------------+-------------+-----
Fighting       | 4 |  4.8
Shields        | 4 |  4.4
Armour         | 4 |  4.6
Axes           | 3 4 |  4.7
Dodging        | |  0.5
Stealth        | |  0.1

Action                     |  1- 3 |  4- 6 || total
---------------------------+-------+-------++-------
  Melee: War axe           |    77 |    93 ||   170
         Headbutt          |     7 |    18 ||    25
    Use: Potion            |     3 |     3 ||     6
   Stab: Invisible         |     1 |       ||     1
 Armour: Scale mail        |    48 |     7 ||    55
         Chain mail        |       |   108 ||   108
  Dodge: Dodged            |    30 |    41 ||    71
  Block: Buckler           |    18 |    24 ||    42

Table legend: (Time is in decaauts)
 A = Elapsed time spent in this place.
 B = Non-inter-level travel time spent in this place.
 C = Inter-level travel time spent in this place.
 D = Time resting spent in this place.
 E = Time spent auto-exploring this place.
 F = Levels seen in this place.
 G = Mean time per level.
                   A        B        C        D        E       F      G
               +--------+--------+--------+--------+--------+-----+--------+
         Total |   2549 |   2444 |    105 |    117 |   1622 |   4 |  637.2 |
       Dungeon |   2549 |   2444 |    105 |    117 |   1622 |   4 |  637.2 |
               +--------+--------+--------+--------+--------+-----+--------+

Top non-repeatable levels by time:
     D:1: 913 daAuts
     D:2: 844 daAuts
     D:3: 432 daAuts
     D:4: 358 daAuts
